 Dungeon Crawl Stone Soup version 0.30-a0-799-g109b55a442 (webtiles) character file.

Game seed: 3269653126530018883

10500 Hubris850 the Cruncher (level 11, -10/74 HPs)
             Began as a Grey Draconian Conjurer on Feb 20, 2023.
             Mangled by a sun demon (16 damage)
             ... on level 9 of the Dungeon.
             The game lasted 00:38:03 (8779 turns).

Hubris850 the Cruncher (Grey Draconian Conjurer)    Turns: 8779, Time: 00:38:03

Health: -10/74     AC: 17    Str:  9    XL:     11   Next: 37%
Magic:  13/19      EV: 19    Int: 23    God:
Gold:   477        SH:  0    Dex: 23    Spells: 13/20 levels left

rFire   . . .      SeeInvis .    w - +10 quarterstaff of Idoreif {elec, Dex+7}
rCold   . . .      Faith    .    (shield currently unavailable)
rNeg    . . .      Spirit   .    (body armour unavailable)
rPois   .          Reflect  .    (helmet restricted)
rElec   .          Harm     .    G - +1 cloak of Ivoq {Dex+6}
rCorr   +          Rampage  .    q - +0 pair of gloves
Will    .....                    T - +1 pair of boots {Fly}
Stlth   +++                      f - amulet of magic regeneration
HPRegen 0.32/turn                j - +5 ring of evasion
MPRegen 0.56/turn                r - ring of resist corrosion

@: flying
A: AC +12, amphibious, unfitting armour, cold-blooded
a: no special abilities


You were on level 9 of the Dungeon.
You visited 2 branches of the dungeon, and saw 10 of its levels.
You also visited: Bailey.

You collected 621 gold pieces.
You spent 144 gold pieces at shops.

Inventory:

Hand Weapons
 c - a +0 flail
 e - a +0 trident
 g - a +0 dagger
 k - a +1 dagger of speed
 w - the +10 quarterstaff of Idoreif (weapon) {elec, Dex+7}
   (You bought it in a shop on level 4 of the Dungeon)

   Dex:       It affects your dexterity (+7).
 A - the +1 short sword of Poverty {venom, +Blink Fly rN+}
   (You found it on level 5 of the Dungeon)

   rN:        It protects you from negative energy.
   Fly:       It grants you flight.
   +Blink:    It lets you blink.
 E - a +4 rapier of electrocution
Missiles
 l - 14 poisoned darts
 p - 4 javelins
 M - 5 boomerangs of dispersal
Armour
 q - a +0 pair of gloves (worn)
 G - the +1 cloak of Ivoq (worn) {Dex+6}
   (You found it on level 5 of the Dungeon)

   Dex:       It affects your dexterity (+6).
 N - a scarf of shadows
 T - a +1 pair of boots of flying (worn)
 X - an orb of light
Magical Staves
 O - a staff of cold
Jewellery
 f - an amulet of magic regeneration (around neck)
 j - a +5 ring of evasion (left hand)
 r - a ring of resist corrosion (right hand)
 s - an amulet of faith
 v - a ring of protection from fire
Wands
 y - a wand of acid (4)
 F - a wand of paralysis (6)
 L - a wand of flame (17)
Scrolls
 b - a scroll of fog {unknown}
 h - 4 scrolls of blinking
 i - 6 scrolls of teleportation
 m - 3 scrolls of enchant weapon
 n - a scroll of vulnerability {unknown}
 o - 2 scrolls of torment {unknown}
 u - a scroll of poison {unknown}
 x - a scroll of brand weapon {unknown}
 C - a scroll of fear {unknown}
 H - a scroll of magic mapping {unknown}
 I - a scroll of noise {unknown}
 R - 2 scrolls of identify
 W - a scroll of amnesia {unknown}
Potions
 a - a potion of magic
 d - 4 potions of curing
 t - a potion of invisibility
 z - a potion of brilliance
 D - 3 potions of lignification
 K - 2 potions of flight
 P - 3 potions of mutation
 Q - 2 potions of attraction {unknown}
 S - a potion of haste
 V - a potion of cancellation {unknown}
Miscellaneous
 J - a lightning rod (4/4)
 U - a tin of tremorstones (2/2)


   Skills:
 - Level 14.0 Staves
 - Level 3.5 Dodging
 - Level 4.0 Stealth
 + Level 5.4 Spellcasting
 + Level 7.2 Conjurations
 + Level 5.2 Hexes


You had 13 spell levels left.
You knew the following spells:

 Your Spells              Type           Power      Damage    Failure   Level
a - Magic Dart            Conj           100%       1d8       1%          1
b - Searing Ray           Conj           78%        2d7       1%          2
c - Fulminant Prism       Conj/Hex       17%        3d10      7%          4

Your spell library contained the following spells:

 Spells                   Type           Power      Damage    Failure   Level
 Dazzling Flash           Conj/Hex       70%        N/A       1%          3
 Apportation              Tloc           12%        N/A       9%          1
 Necrotise                Necr           24%        1d5       9%          1
 Summon Small Mammal      Summ           24%        N/A       9%          1
 Iskenderun's Mystic Bla  Conj/Tloc      22%        2d6       21%         4
 Malign Gateway           Summ/Tloc      3%         N/A       100%        7
 Summon Horrible Things   Summ           3%         N/A       100%        8


Dungeon Overview and Level Annotations

Branches:
Dungeon (9/15)             Temple (1/1) D:7            Lair (0/5) D:9
    Orc (0/2) D:9          Bailey (visited)

Altars:
Ashenzari
Cheibriados
Elyvilon
Fedhas
Gozag
Hepliaklqana
Kikubaaqudgha
Nemelex Xobeh
Okawaru
Qazlal
Ru
Sif Muna
Uskayaw
Xom
Yredelemnul
Zin
The Shining One

Shops:
D:4 (

Annotations:
D:8 exclusion: orange crystal statue


Innate Abilities, Weirdness & Mutations

Your dull iron-grey scales are very hard. (AC +12)
You are amphibious.
You cannot fit into any form of body armour.
You are cold-blooded and may be slowed by cold attacks.


Message History

Aiming: Fulminant Prism (dangerous; 7% risk of failure)
Press: ? - help, Dir - move target You conjure a prism of explosive energy!
A fulminant prism comes into view.
Your fulminant prism crackles loudly.
Your fulminant prism explodes!
Casting: Fulminant Prism (dangerous; 7% risk of failure)
Confirm with . or Enter, or press ? or * to list all spells.
Aiming: Fulminant Prism (dangerous; 7% risk of failure)
Press: ? - help, Dir - move target You conjure a prism of explosive energy!
A fulminant prism comes into view.
You sock the sun demon!
The sun demon is heavily wounded.
The sun demon closely misses you.
You closely miss the sun demon.
The sun demon is moderately wounded.
The sun demon hits you!
You are engulfed in flames!
Your fulminant prism crackles loudly.
You hit the sun demon but do no damage.
The sun demon is moderately wounded.
The sun demon hits you!!
You are engulfed in flames!!
* * * LOW HITPOINT WARNING * * *
You hit the sun demon.
The sun demon is heavily wounded.
Your fulminant prism explodes!
The blast of energy engulfs the sun demon!!
The sun demon is almost dead.
Casting: Fulminant Prism (dangerous; 7% risk of failure)
Confirm with . or Enter, or press ? or * to list all spells.
Okay, then.
Unknown command.
Unknown command.
Aiming: Corrosive Bolt
Press: ? - help, Shift-Dir - straight line, f - sun demon
Aim: a sun demon (almost dead, 64% to hit)
The bolt of acid hits the sun demon.
The acid corrodes the sun demon!
The sun demon is almost dead.
The sun demon closely misses you. The sun demon hits you!
You die...

#.#......# #.........#....
#.#......####.........#...>
#.....................#....
#..........................
#..........................
###..................##....
#..................##....
#..................##..##
#.......@>.........##..
#.......3..........##..
#.........>........##.
#..................#
###..................#
#....................# ##
#....................# ..
#..................... ..
#..................... .#


You could see a sun demon (corroded).

Vanquished Creatures
  A two-headed ogre (D:8)
  A soul eater (D:9)
  Pikel (D:7)
  Joseph (D:7)
  An orange demon (D:9)
  A gargoyle (Bailey)
  Maggie (D:6)
  An ice devil (D:9)
  A hellwing (D:9)
  A hornet (D:8)
  A vampire (Bailey)
  Eustachio (D:5)
  A wyvern (D:8)
  7 yaks (D:8)
  2 steam dragons
  A warg (D:9)
  3 water moccasins
  2 orc warriors
  2 ice beasts (D:6)
  A black bear (D:6)
  4 ogres
  2 centaurs
  2 lemures
  4 bullfrogs
  2 necrophages
  A gnoll sergeant (D:8)
  4 scorpions
  7 wights
  23 killer bees
  8 vampire bats (Bailey)
  2 howler monkeys
  5 wolf zombies (Bailey)
  A bullfrog zombie (D:5)
  2 quasits (D:9)
  A centaur zombie (D:5)
  3 jellies (D:5)
  7 orc priests
  A gnoll bouda (D:8)
  3 hounds
  A human zombie (D:5)
  Jessica (D:2)
  5 iguanas
  6 orc wizards
  2 scorpion zombies (D:5)
  3 hound zombies (D:5)
  3 mummies (D:5)
  Robin (D:2)
  8 gnolls (D:8)
  13 adders
  2 shadow imps
  5 white imps
  An ufetubus (D:5)
  5 worms
  A dart slug (D:2)
  32 orcs
  5 bats
  3 endoplasms
  2 giant cockroaches
  17 goblins
  4 hobgoblins
  3 jackals (D:1)
  2 kobolds
  3 quokkas
  11 ball pythons
  18 orc zombies (Bailey)
  A rat (D:3)
271 creatures vanquished.

Vanquished Creatures (others)
  4 demonic plants (D:9)
  23 fulminant prisms
27 creatures vanquished.

Grand Total: 298 creatures vanquished

Notes
Turn   | Place    | Note
-------+----------+-------------------------------------------
     0 | D:1      | Hubris850 the Draconian Conjurer began the quest for the
                  | Orb.
     0 | D:1      | Reached XP level 1. HP: 14/14 MP: 3/3
   283 | D:1      | Found a faded altar of an unknown god.
   339 | D:1      | Reached XP level 2. HP: 6/20 MP: 1/5
   907 | D:2      | Reached XP level 3. HP: 21/26 MP: 6/6
   956 | D:2      | Learned a level 2 spell: Searing Ray
   966 | D:2      | Noticed Robin
   984 | D:2      | Killed Robin
  1075 | D:2      | Noticed Jessica
  1080 | D:2      | Killed Jessica
  1081 | D:2      | Reached XP level 4. HP: 33/33 MP: 4/7
  1119 | D:2      | Learned a level 4 spell: Fulminant Prism
  1242 | D:2      | You fall into a shaft and drop 2 floors!
  1245 | D:4      | Noticed a centaur
  1291 | D:3      | Found a hazy altar of Hepliaklqana.
  1294 | D:3      | Found a faded altar of an unknown god.
  1325 | D:4      | Killed a centaur
  1326 | D:4      | Reached skill level 1 in Hexes
  1326 | D:4      | Reached XP level 5. HP: 6/38 MP: 4/8
  1572 | D:3      | Found a stormy altar of Qazlal.
  1594 | D:3      | Found a shimmering altar of Xom.
  1641 | D:3      | Found a white marble altar of Elyvilon.
  1674 | D:3      | Found an iron altar of Okawaru.
  1759 | D:3      | Found a sacrificial altar of Ru.
  2414 | D:4      | Noticed an ogre
  2420 | D:4      | Killed an ogre
  2421 | D:4      | Reached XP level 6. HP: 42/45 MP: 6/10
  2731 | D:4      | Found Otsupsot's Antique Weapon Shoppe.
  2745 | D:4      | Bought a crystal quarterstaff for 144 gold pieces
  2745 | D:4      | Identified the +10 quarterstaff of Idoreif {elec, Dex+7}
                  | (You bought it in a shop on level 4 of the Dungeon)
  2871 | D:5      | Entered Level 5 of the Dungeon
  2899 | D:5      | Reached skill level 5 in Conjurations
  2988 | D:5      | Reached skill level 1 in Staves
  3067 | D:5      | Your scales start taking on a dull iron-grey colour.
  3067 | D:5      | Reached XP level 7. HP: 49/50 MP: 12/12
  3126 | D:5      | Reached skill level 2 in Staves
  3136 | D:5      | Found an ancient bone altar of Kikubaaqudgha.
  3200 | D:5      | Found a snail-covered altar of Cheibriados.
  3271 | D:5      | Noticed Eustachio
  3281 | D:5      | Killed Eustachio
  3502 | D:5      | Reached XP level 8. HP: 36/57 MP: 11/14
  3591 | D:5      | Reached skill level 3 in Staves
  3785 | D:5      | Identified the +1 cloak of Ivoq {Dex+6}
  3872 | D:5      | Identified the +1 short sword of Poverty {venom, +Blink Fly
                  | rN+}
  3886 | D:5      | Reached skill level 4 in Staves
  3886 | D:5      | Reached skill level 5 in Spellcasting
  4322 | D:6      | Noticed Maggie
  4336 | D:6      | Killed Maggie
  4337 | D:6      | Reached skill level 5 in Staves
  4337 | D:6      | Reached skill level 5 in Hexes
  4337 | D:6      | Reached XP level 9. HP: 57/62 MP: 16/16
  4499 | D:6      | Reached skill level 6 in Staves
  4823 | D:6      | Reached skill level 7 in Staves
  4967 | D:7      | Noticed Pikel
  5009 | D:7      | Killed Pikel
  5010 | D:7      | Reached skill level 8 in Staves
  5185 | D:7      | Reached skill level 9 in Staves
  5217 | D:7      | Found a flagged portal.
  5218 | D:7      | Noticed Joseph
  5240 | D:7      | Killed Joseph
  5259 | Bailey   | Entered a bailey
  5432 | Bailey   | Reached XP level 10. HP: 59/69 MP: 17/17
  5484 | Bailey   | Identified the +1 leather armour of Philately {+Inv rF-
                  | Will+++ Int+4}
  5508 | Bailey   | Reached skill level 10 in Staves
  5534 | Bailey   | Noticed a gargoyle
  5553 | Bailey   | Killed a gargoyle
  5598 | Bailey   | Identified the +0 scale mail of Objectivity {rF+ Stlth+}
  5776 | D:7      | Found a staircase to the Ecumenical Temple.
  5789 | Temple   | Entered the Ecumenical Temple
  5935 | D:7      | Found an opulent altar of Gozag.
  6565 | D:8      | Noticed an orange crystal statue
  6856 | D:8      | Found a blossoming altar of Fedhas.
  6903 | D:8      | Reached skill level 11 in Staves
  7030 | D:8      | Reached skill level 12 in Staves
  7060 | D:8      | Noticed a two-headed ogre
  7569 | D:9      | Noticed a two-headed ogre
  7591 | D:8      | Killed a two-headed ogre
  7628 | D:9      | Found a staircase to the Orcish Mines.
  7683 | D:9      | Reached skill level 13 in Staves
  7693 | D:9      | Reached XP level 11. HP: 46/74 MP: 12/18
  7704 | D:9      | Noticed a soul eater
  7708 | D:9      | Found a broken altar of Ashenzari.
  7720 | D:9      | Found a staircase to the Lair.
  8173 | D:9      | Noticed a sun demon
  8284 | D:9      | Killed a soul eater
  8305 | D:9      | Reached skill level 14 in Staves
  8765 | D:9      | Noticed a sun demon
  8779 | D:9      | Mangled by a sun demon

Illustrated notes

Levels and vault maps discovered:
D:1:      dpeg_arrival_signposts, layout_basic,
          hellmonk_ecumenical_altar_arch_garden
D:2:      cheibrodos_helix_gallery, layout_basic, uniq_robin, uniq_jessica
D:3:      layout_loops_ring, mainiacjoe_overflow_chevrons,
          mainiacjoe_overflow_catwalk, elyvilon_altar_4,
          nicolae_overflow_ecumenical_swirl, lemuel_crystal_altar,
          amcnicky_altar_gilded
D:4:      layout_basic, serial_shops, shop, kennysheep_generic_room_2
D:5:      kennysheep_windowed_halls, layout_basic, overflow_temple_1_default,
          lemuel_mausoleum_altar_kikubaaqudgha, water_maze_lemuel,
          uniq_eustachio
D:6:      layout_loops_ring, uniq_maggie
D:7:      layout_loops_ring, nicolae_gozag_cash_rules_everything_around_me,
          minmay_temple_entry_trees, enter_bailey_6, kennysheep_generic_room_13,
          uniq_pikel, uniq_joseph
D:8:      minmay_statue_hallways, layout_loops_ring,
          fedhas_bush_and_centaur_altar, hangedman_abyss_or_decor_stabs
D:9:      layout_long_grid, mainiacjoe_overflow_concentric_impassable,
          lair_entry_dummy, erik_orc_4, serial_demonic, serial_demonic_d,
          serial_demonic_g, serial_demonic_g, serial_demonic_g,
          nicolae_looking_at_the_future, uniq_erica
Temple:   hellmonk_temple_beads

Skill      XL: |  1  2  3  4  5  6  7  8  9 10 11 |
---------------+----------------------------------+-----
Stealth        | 2 3 4 |  4.0
Dodging        | 2 3 |  3.5
Hexes          | 1 2 3 5 |  5.2
Spellcasting   | 3 4 5 |  5.4
Conjurations   | 5 7 |  7.2
Staves         | 1 2 5 9 13 14 | 14.0

Action                     |  1- 3 |  4- 6 |  7- 9 | 10-12 || total
---------------------------+-------+-------+-------+-------++-------
  Melee: Dagger            |    66 |    71 |       |       ||   137
         Tailslap          |     7 |     7 |    29 |    22 ||    65
         Quarterstaff      |       |    13 |   219 |   240 ||   472
  Throw: Dart              |       |     2 |       |       ||     2
         Javelin           |       |     1 |       |       ||     1
   Cast: Magic Dart        |    60 |    69 |    49 |    41 ||   219
         Searing Ray       |       |     6 |     1 |     3 ||    10
         Fulminant Prism   |       |       |     2 |    21 ||    23
  Evoke: Wand              |       |       |     6 |     1 ||     7
    Use: Scroll            |       |       |     7 |     5 ||    12
         Potion            |       |       |     1 |     6 ||     7
   Stab: Sleeping          |     1 |     1 |    15 |     4 ||    21
         Distracted        |       |     1 |       |     1 ||     2
 Armour: Skin              |    16 |     9 |    56 |    78 ||   159
  Dodge: Dodged            |    49 |    84 |   201 |   252 ||   586

Table legend: (Time is in decaauts)
 A = Elapsed time spent in this place.
 B = Non-inter-level travel time spent in this place.
 C = Inter-level travel time spent in this place.
 D = Time resting spent in this place.
 E = Time spent auto-exploring this place.
 F = Levels seen in this place.
 G = Mean time per level.
                   A        B        C        D        E       F      G
               +--------+--------+--------+--------+--------+-----+--------+
         Total |   8656 |   8395 |    261 |   1220 |   4603 |  11 |  786.9 |
       Dungeon |   8156 |   7906 |    250 |   1194 |   4484 |   9 |  906.2 |
        Temple |    111 |    100 |     11 |      0 |     94 |   1 |  111.0 |
        Bailey |    387 |    387 |      0 |     26 |     25 |   1 |  387.0 |
               +--------+--------+--------+--------+--------+-----+--------+

Top non-repeatable levels by time:
     D:8: 1409 daAuts
     D:5: 1293 daAuts
     D:9: 992 daAuts
     D:4: 926 daAuts
     D:7: 835 daAuts
     D:6: 786 daAuts
     D:1: 756 daAuts
     D:3: 679 daAuts
     D:2: 476 daAuts
  Bailey: 387 daAuts
  Temple: 111 daAuts
